 Dungeon Crawl Stone Soup version 0.29.0-15-g675c0067aa (webtiles) character file.

Game seed: 3599075456244846776

11 qw the Sneak (level 2, 0/19 HPs)
             Began as a Gargoyle Delver on Sept 11, 2022.
             Slain by a worm (2 damage)
             ... on level 2 of the Dungeon.
             The game lasted 00:00:04 (143 turns).

qw the Sneak (Gargoyle Delver)                       Turns: 143, Time: 00:00:05

Health: 0/19       AC:  5    Str: 15    XL:     2   Next: 25%
Magic:  2/2        EV: 11    Int: 10    God:
Gold:   13         SH:  0    Dex: 11    Spells: 1/1 levels left

rFire   . . .      SeeInvis .   a - +0 hand axe
rCold   . . .      Faith    .   (no shield)
rNeg    + . .      Spirit   .   b - +0 leather armour
rPois   inf        Reflect  .   (no helmet)
rElec   +          Harm     .   (no cloak)
rCorr   .          Rampage  .   (no gloves)
Will    .....                   (no boots)
Stlth   +++.......              (no amulet)
HPRegen 0.06/turn               (no ring)
MPRegen 0.08/turn               (no ring)

@: no status effects
A: sickness immunity, AC +2, negative energy resistance 1, electricity
resistance, torment resistance 1, petrification resistance
a: no special abilities


You were on level 2 of the Dungeon.
You visited 1 branch of the dungeon, and saw 4 of its levels.

You collected 13 gold pieces.


Innate Abilities, Weirdness & Mutations

You are immune to sickness and miasma.
Your stone body is resilient. (AC +2)
You are immune to poison.
You resist negative energy. (rN+)
You are resistant to electric shocks. (rElec)
You are resistant to unholy torment.
You are immune to petrification.


   Skills:
 - Level 3.2 Fighting
 + Level 2.6 Axes
 - Level 1.5 Dodging
 - Level 5.4 Stealth


You had one spell level left.
You didn't know any spells.
Your spell library was empty.

Inventory:

Hand Weapons
 a - a +0 hand axe (weapon)
Armour
 b - a +0 leather armour (worn)
Wands
 g - a wand of digging (3)
Potions
 c - a potion of lignification {unknown}
 d - a potion of invisibility {unknown}
 f - 2 potions of haste

Dungeon Overview and Level Annotations

Branches:
Dungeon (5/15)
 Temple: D:4-7

Altars:


Message History

The adder hisses angrily.
You hit the adder but do no damage. The adder misses you.
You miss the adder. The adder bites you.
The adder bites you but does no damage.
You hit the adder but do no damage. The adder closely misses you.
You hit the adder.
The adder is moderately wounded.
The adder bites you but does no damage. The adder misses you.
You miss the adder.
The adder is moderately wounded.
The adder bites you but does no damage. The adder bites you.
You closely miss the adder.
The adder is moderately wounded.
The adder barely misses you.
You miss the adder.
The adder is moderately wounded.
The adder bites you but does no damage. The adder completely misses you.
You hit the adder.
The adder is severely wounded.
The adder bites you but does no damage.
You barely miss the adder.
The adder is severely wounded.
The adder bites you. The adder bites you but does no damage.
You slash the adder!
You kill the adder!
Your Axes skill increases to level 2!
You have reached level 2!
You start resting.
A worm comes into view.
The worm bites you.
You slash the worm!
The worm is heavily wounded.
You hit the worm but do no damage.
The worm is heavily wounded.
The worm bites you!
You hit the worm but do no damage.
The worm is moderately wounded.
The worm bites you.
You die...

#. .## ..
#.
####.####
#.......#
##....w..#
.......@.#
.........#
##.....%>#
#.........#
#.......###
#########


You could see a worm.

Vanquished Creatures
  An adder (D:2)
  A goblin (D:3)
2 creatures vanquished.

Notes
Turn   | Place    | Note
-------+----------+-------------------------------------------
     0 | D:5      | qw the Gargoyle Delver began the quest for the Orb.
     0 | D:5      | Reached XP level 1. HP: 14/14 MP: 1/1
     0 | D:5      | 0 ||| qw: Version: 0.1-a-117-gfe26ee0
     0 | D:5      | 0 ||| qw: Game counter: 10010
     0 | D:5      | 0 ||| qw: Always use a shield: true
     0 | D:5      | 0 ||| qw: God list: Okawaru
     0 | D:5      | 0 ||| qw: Allow faded altars: false
     0 | D:5      | 0 ||| qw: Do Orc after D:15 true
     0 | D:5      | 0 ||| qw: Do second Lair branch before Depths: true
     0 | D:5      | 0 ||| qw: Lair rune preference: random
     0 | D:5      | 0 ||| qw: Plans: Normal
     0 | D:5      | 0 ||| PLANNING D:1-11
    15 | D:5      | 15 ||| DROPPING scroll of fog.
    16 | D:5      | 16 ||| DROPPING scroll of magic mapping.
    17 | D:5      | 17 ||| DROPPING scroll of fear.
   115 | D:2      | Reached XP level 2. HP: 13/19 MP: 2/2
   142 | D:2      | HP: 2/19 [worm (7)]
   143 | D:2      | Slain by a worm

Levels and vault maps discovered:
D:2:      layout_loops_ring, nicolae_concentric_dashed_squares_wild
D:3:      layout_basic, chequers_serial_rivers_small_a, uniq_terence
D:4:      layout_loops_ring, serial_park_tiny_pond
D:5:      layout_basic, minmay_temple_entry_mini_moons,
          lightli_ossuary_entry_decrepit_ruins, nicolae_underground_beach

Skill      XL: |  1 |
---------------+----+-----
Axes           | 2 |  2.6
Fighting       | |  3.2
Dodging        | |  1.5
Stealth        | |  5.4

Action                   || total
-------------------------++-------
Melee: Hand axe          ||    14
Armor: Leather armour    ||     6
Dodge: Dodged            ||     5

Table legend:
 A = Non-vault XP
 B = Vault XP
 C = Vault XP percentage of total XP
 D = Non-vault monster count
 E = Vault monster count
 F = Vault count percentage of total count
                 A         B        C        D         E       F
            +---------+---------+-------+---------+---------+-------
      Total |      16 |       0 |   0.0 |       2 |       0 |   0.0
            +---------+---------+-------+---------+---------+-------
        D:2 |      14 |       0 |   0.0 |       1 |       0 |   0.0
        D:3 |       2 |       0 |   0.0 |       1 |       0 |   0.0
            +---------+---------+-------+---------+---------+-------
